Map: Pillars of Gold LE

Players

jheffe

  • Race: Terran Terran
  • League: Master
  • Spawn Location: 7:00

Semper - Winner!

  • Race: Protoss Protoss
  • Spawn Location: 1:00

Event: DreamHack SC2 Masters 2020 Summer North America

VOD

Have the link to the VOD?

Description

Time

  • Played on: July 5, 2020, 3:37 p.m.
  • Length: 10:11

All games in this series

Show
View Real Time Build Order
Export as new Build Order

jheffe Terran 

Build Orders: Reaper Expand 

Get SALT Encoding   

  12  0:00  SCV  
  13  0:12  SCV  
  14  0:18  Supply Depot  
  14  0:25  SCV  
  15  0:39  SCV  
  15  0:41  Barracks  
  16  0:45  Refinery  
  16  0:51  SCV  
  17  1:03  SCV  
  18  1:16  SCV  
  19  1:29  Orbital Command, Reaper  
  20  1:48  Command Center  
  20  1:53  Supply Depot  
  20  1:57  SCV  
  21  2:02  Marine  
  22  2:09  SCV  
  22  2:15  Factory  
  23  2:19  Refinery  
  23  2:23  Barracks Reactor  
  23  2:26  SCV  
  24  2:38  SCV  
  25  2:57  SCV  
  25  3:00  Marine x2  
  25  3:01  Hellion  
  25  3:02  Starport, Orbital Command  
  29  3:09  SCV  
  30  3:18  Marine x2  
  32  3:21  SCV  
  32  3:25  Factory Tech Lab  
  33  3:27  SCV  
  33  3:30  Supply Depot  
  34  3:35  Marine x2  
  34  3:37  SCV  
  35  3:53  Marine x2  
  35  3:54  SCV  
  38  3:59  Raven, Factory Tech Lab  
  38  4:00  SCV  
  41  4:06  SCV  
  42  4:10  Barracks  
  42  4:12  Marine x2, SCV  
  42  4:13  Barracks  
  45  4:17  Bunker  
  45  4:19  SCV  
  45  4:22  Refinery  
  46  4:25  Supply Depot  
  46  4:26  SCV  
  46  4:30  Marine  
  46  4:31  Marine, SCV  
  49  4:38  SCV  
  51  4:43  SCV  
  51  4:45  Factory Reactor  
  52  4:48  Engineering Bay  
  52  4:50  SCV  
  52  4:51  Starport Reactor  
  52  4:52  Marine  
  54  4:55  SCV  
  54  4:56  Supply Depot  
  55  5:02  SCV  
  56  5:07  Stimpack  
  56  5:08  Marine  
  56  5:09  SCV  
  56  5:13  Supply Depot  
  59  5:15  Terran Infantry Weapons Level 1  
  59  5:17  Marine x2  
  59  5:19  SCV  
  59  5:21  SCV  
  62  5:27  Marine x2  
  63  5:31  SCV  
  63  5:32  Medivac x2  
  63  5:33  SCV  
  69  5:43  SCV  
  69  5:45  Marauder x2, Marine  
  75  5:51  Marine  
  75  5:56  Supply Depot x2  
  76  5:57  Refinery  
  76  5:58  Combat Shield  
  76  5:59  Widow Mine  
  76  6:00  Widow Mine  
  80  6:06  Marauder  
  80  6:07  Marine  
  80  6:08  Marauder  
  85  6:21  Widow Mine x2  
  85  6:25  Marine x2, Medivac  
  90  6:26  Medivac  
  90  6:28  Marauder  
  90  6:29  Marauder  
  99  6:43  Supply Depot, Marine  
  99  6:47  Marine  
  100  6:49  Marauder  
  100  6:51  Marauder  
  105  7:00  Marine  
  106  7:02  Medivac  
  106  7:03  Command Center, Medivac  
  106  7:07  SCV x2  
  106  7:08  Supply Depot  
  112  7:09  Terran Infantry Armor Level 1  
  112  7:15  Marine  
  112  7:16  Marauder x2  
  112  7:18  Marine  
  118  7:33  Marine  
  118  7:34  Medivac x2  
  123  7:37  Marauder  
  123  7:40  Supply Depot  
  123  7:41  Supply Depot  
  125  7:48  Marine  
  126  7:51  Barracks  
  126  7:52  SCV, Barracks  
  126  7:53  Marauder  
  128  7:58  SCV  
  128  8:05  SCV  
  130  8:10  SCV  
  118  8:14  Widow Mine x2  
  118  8:19  Marauder x2, Marine  
  116  8:22  Medivac x2  
  116  8:26  Orbital Command  
  116  8:27  SCV x2  
  116  8:28  Marine  
  119  8:40  Marauder  
  119  8:41  Armory  
  121  8:43  Engineering Bay  
  121  8:44  SCV  
  121  8:45  Widow Mine x2  
  121  8:46  Barracks Tech Lab  
  121  8:48  Barracks Reactor  
  126  8:49  SCV  
  126  8:52  Marine  
  126  8:53  Marine  
  129  8:56  SCV x2  
  129  8:59  Medivac x2  
  129  9:01  SCV  
  136  9:09  Marauder x3, SCV  
  143  9:14  SCV x2  
  145  9:21  SCV  
  136  9:44  Marine x2  
  136  9:45  Marauder x2  
Show
View Real Time Build Order
Export as new Build Order

Semper Protoss - Winner!

Build Orders: 1 Gate Expand, Blink Stalkers 

Get SALT Encoding   

  12  0:00  Probe  
  13  0:13  Probe  
  14  0:18  Pylon  
  14  0:24  Probe  
  15  0:32  Probe  
  15  0:39  Gateway  
  15  0:40  Probe  
  17  0:50  Assimilator  
  17  0:51  Probe  
  18  1:03  Probe  
  19  1:15  Probe  
  20  1:26  Cybernetics Core  
  20  1:36  Nexus  
  20  1:39  Probe  
  21  1:46  Pylon  
  21  1:51  Probe  
  21  1:54  Adept, Assimilator  
  22  2:03  Probe  
  22  2:07  Warp Gate  
  25  2:14  Stalker  
  25  2:15  Probe  
  26  2:27  Probe  
  29  2:39  Probe  
  30  2:44  Twilight Council  
  30  2:47  Probe  
  30  2:48  Stalker  
  33  2:53  Probe  
  33  2:54  Blink  
  33  2:55  Probe  
  34  3:04  Gateway  
  35  3:08  Probe  
  36  3:18  Probe  
  37  3:25  Probe  
  38  3:30  Probe  
  39  3:34  Pylon  
  39  3:37  Probe  
  39  3:40  Robotics Facility  
  40  3:42  Probe  
  41  3:51  Probe  
  40  3:57  Sentry  
  40  3:58  Probe  
  43  4:03  Probe  
  43  4:04  Stalker, Pylon  
  46  4:10  Probe  
  46  4:11  Phoenix  
  46  4:17  Pylon, Probe  
  48  4:24  Nexus  
  48  4:25  Stalker  
  48  4:31  Observer  
  51  4:32  Pylon  
  51  4:35  Probe  
  52  4:38  Stalker  
  52  4:44  Pylon, Probe  
  55  4:47  Probe  
  55  4:48  Stalker  
  58  4:56  Probe  
  58  4:57  Observer  
  58  4:59  Forge, Probe  
  61  5:01  Charge  
  61  5:08  Observer, Probe  
  61  5:09  Assimilator  
  61  5:11  Probe  
  61  5:12  Gateway  
  61  5:13  Gateway  
  63  5:15  Observer  
  63  5:16  Pylon  
  63  5:22  Protoss Ground Armor Level 1, Observer  
  63  5:23  Gateway  
  63  5:25  Probe  
  64  5:30  Probe  
  64  5:31  Observer  
  66  5:44  Probe  
  66  5:48  Sentry, Zealot  
  66  5:49  Probe  
  72  5:51  Gateway  
  72  5:52  Gateway  
  72  5:54  Probe  
  72  5:56  Probe  
  74  5:57  Gateway  
  74  6:02  Gateway  
  74  6:04  Probe  
  75  6:13  Zealot  
  75  6:14  Zealot x3  
  75  6:17  Shield Battery  
  83  6:25  Stalker, Probe  
  83  6:31  Pylon  
  83  6:32  Observer  
  85  6:33  Immortal  
  85  6:34  Probe  
  86  6:40  Zealot x4  
  98  6:51  Pylon  
  98  6:53  Pylon  
  97  7:03  Zealot x6  
  109  7:08  Zealot  
  109  7:09  Zealot  
  109  7:13  Zealot  
  109  7:15  Protoss Ground Armor Level 2  
  113  7:21  Observer  
  113  7:25  Zealot x5  
  113  7:26  Zealot  
  124  7:34  Probe x2  
  124  7:35  Probe  
  127  7:38  Pylon  
  127  7:47  Immortal  
  129  7:52  Pylon  
  129  7:58  Zealot  
  129  7:59  Zealot x5  
  141  8:10  Observer  
  131  8:18  Warp Prism  
  107  8:25  Zealot x9  
  125  8:38  Nexus  
  125  8:40  Pylon  
  125  8:44  Templar Archives  
  125  8:53  Stalker, Observer, Pylon  
  127  8:57  Zealot x4  
  136  9:04  Pylon  
  136  9:06  Assimilator x2  
  136  9:07  Shield Battery  
  136  9:09  Probe x3  
  139  9:16  Zealot  
  141  9:17  Zealot x2  
  141  9:23  Zealot x2  
  141  9:37  Zealot x6  
  149  9:44  Probe x3  
  142  9:53  Stalker x2  
  142  9:54  Nexus  
  142  9:58  Zealot  
  142  9:59  Zealot x4  
  142  10:06  Zealot  
  140  10:09  Pylon  
Tags
 
Add a new tag
Caveats
  • Supply blocks, unpowered buildings, or Contaminate may cause inaccurate times.
  • Supply counts are checked every 10 seconds.